 Dungeon Crawl Stone Soup version 0.30-a0-715-gdb4ae3ece1 (webtiles) character file.

Game seed: 14221514664102441859

597 Crownlay the Reanimator (level 7, 0/69 HPs)
             Began as a Demonspawn Necromancer on Jan 23, 2023.
             Succumbed to a scorpion's poison
             ... on level 5 of the Dungeon.
             The game lasted 00:10:45 (4134 turns).

Crownlay the Reanimator (Demonspawn Necromancer)    Turns: 4134, Time: 00:10:46

Health: 0/69       AC: 27    Str:  9    XL:     7   Next: 17%
Magic:  8/10       EV:  2    Int: 18    God:
Gold:   182        SH:  0    Dex: 13    Spells: 5/10 levels left

rFire   . . .      SeeInvis .    w - +2 dagger (pain)
rCold   + . .      Faith    .    (no shield)
rNeg    . . .      Spirit   .    (body armour currently unavailable)
rPois   +          Reflect  .    (helmet currently unavailable)
rElec   .          Harm     .    (cloak currently unavailable)
rCorr   .          Rampage  .    (gloves currently unavailable)
Will    .....      NoTele   +    (boots currently unavailable)
Stlth   ++                       (no amulet)
HPRegen 0.31/turn                j - +4 ring of protection
MPRegen 0.12/turn                p - ring of protection from cold

@: mighty, lethally poisoned (0 -> -8), tree-form, animating dead, hasted, very
quick
A: stationary, stasis, torment immunity, boosted hp, (large bone plates 2),
ignite blood 1, powered by pain 1
a: no special abilities


You were on level 5 of the Dungeon.
You were a tree.
You visited 1 branch of the dungeon, and saw 5 of its levels.

You collected 182 gold pieces.

Inventory:

Hand Weapons
 w - a +2 dagger of pain (weapon)
 x - a +0 long sword
Missiles
 r - 4 javelins
Armour
 a - a +0 robe (melded)
 s - a +0 pair of boots (melded)
Magical Staves
 m - a staff of conjuration
Jewellery
 h - a ring of fire
 j - a +4 ring of protection (left branch)
 p - a ring of protection from cold (right branch)
Wands
 v - a wand of digging (3)
Scrolls
 c - a scroll of identify
 f - 2 scrolls of fear
 k - a scroll of vulnerability {unknown}
 l - 2 scrolls of teleportation {unknown}
 n - a scroll of poison {unknown}
 q - 4 scrolls of amnesia
 u - a scroll of immolation {unknown}
 y - a scroll of magic mapping {unknown}
Potions
 b - a potion of magic
 d - a potion of haste
 e - a potion of brilliance
 g - a potion of attraction {unknown}
 i - 4 potions of mutation
 o - 2 potions of might
 t - a potion of lignification


   Skills:
 - Level 1.7 Dodging
 - Level 1.7 Stealth
 - Level 2.0 Spellcasting
 + Level 9.6 Necromancy


You had 5 spell levels left.
You knew the following spells:

 Your Spells              Type           Power      Damage    Failure   Level
a - Necrotise             Necr           100%       1d9       1%          1
b - Animate Dead          Necr           36%        N/A       3%          4

Your spell library contained the following spells:

 Spells                   Type           Power      Damage    Failure   Level
 Vampiric Draining        Necr           36%        2d8       1%          3
 Agony                    Necr           36%        N/A       10%         5
 Call Imp                 Summ           1%         N/A       26%         2
 Inner Flame              Hex/Fire       1%         N/A       47%         3
 Mephitic Cloud           Conj/Pois/Air  1%         N/A       47%         3
 Spider Form              Tmut/Pois      1%         N/A       47%         3
 Flame Wave               Conj/Fire      1%         2d4       87%         4
 Sticky Flame             Conj/Fire      1%         2d3       87%         4
 Summon Ice Beast         Ice/Summ       1%         N/A       87%         4
 Alistair's Intoxication  Tmut/Pois      0%         N/A       99%         5


Dungeon Overview and Level Annotations

Branches:
Dungeon (5/15)
 Temple: D:4-7

Altars:
Cheibriados
Hepliaklqana
Makhleb
Okawaru
Sif Muna

Annotations:
D:4 Edmund


Innate Abilities, Weirdness & Mutations

You are a tree.
Your roots penetrate the ground, keeping you stationary.
You cannot be teleported.
You are immune to unholy pain and torment.
Your maximum health is greatly increased.
Your equipment is partially melded.
((You are mostly covered in large bone plates. (SH +6)))
Your demonic aura sometimes causes spilled blood to erupt in flames.
You sometimes gain a little power by taking damage.


Message History

Confirm with . or Enter, or press ? or * to list all spells.
Aiming: Necrotise (safe; 1% risk of failure)
Press: ? - help, Shift-Dir - straight line, f - shadow imp, p - scorpion
Aim: a shadow imp (severely wounded, ally target, not susceptible)
Okay, then.
You hit the shadow imp.
You kill the shadow imp!
You feel sick. The scorpion stings you.
* * * LOW HITPOINT WARNING * * *
You are lethally poisoned!
The scorpion poisons you!
Your jelly zombie hits the scorpion but does no damage.
Casting: Necrotise (safe; 1% risk of failure)
Confirm with . or Enter, or press ? or * to list all spells.
Aiming: Necrotise (safe; 1% risk of failure)
Press: ? - help, Shift-Dir - straight line, f/p - scorpion
Aim: a scorpion (lightly wounded, ally target, chance to affect: 83%)
The scorpion barely resists.
* * * LOW HITPOINT WARNING * * *
You feel very sick. The scorpion barely misses you.
Your hound zombie bites the scorpion.
The scorpion stings you but does no damage.
Your hound zombie bites the scorpion but does no damage.
It was a potion of might.
You feel very mighty all of a sudden.
* * * LOW HITPOINT WARNING * * *
You feel very sick.
Your jelly zombie barely misses the scorpion.
Your hound zombie misses the scorpion.
The scorpion stings you but does no damage.
It was a potion of lignification.
You turn into a tree.
Your +0 pair of boots melds into your body.
Your +0 robe melds into your body.
Your roots penetrate the ground.
* * * LOW HITPOINT WARNING * * *
You feel very sick.
Your hound zombie barely misses the scorpion.
The scorpion stings you but does no damage.
Your jelly zombie hits the scorpion but does no damage.
It was a potion of haste.
You feel yourself speed up.
You die...

## .## ...............
..# ##...#.........# ..#
#....#.........# ..##
##.)...........#
...###..............#
....##.............###
....##..........Zs...##.
#...)...........♣Z......
..##........###......#..
.##.............##...#
......##.##...#.# ..##
..........#...... ...
................. ....
..........###..... ....
...........#...... ....
....#.#....#.


You could see a scorpion (ally target), a friendly hound zombie and a friendly
jelly zombie.

Vanquished Creatures
  Sigmund (D:3)
  A phantom (D:4)
  A scorpion (D:5)
  2 hounds (D:5)
  A jelly (D:5)
  Natasha (thrice) (D:3)
  A gnoll (D:1)
  5 adders
  A shadow imp (D:5)
  An ufetubus (D:3)
  2 worms
  5 orcs
  An endoplasm (D:3)
  6 giant cockroaches
  8 goblins
  5 hobgoblins
  6 quokkas
  4 ball pythons
  2 bats (D:1)
  2 frilled lizards (D:1)
  4 kobolds (D:1)
  3 rats
65 creatures vanquished.

Vanquished Creatures (collateral kills)
  A rat (D:1)
1 creature vanquished.

Grand Total: 66 creatures vanquished

Notes
Turn   | Place    | Note
-------+----------+-------------------------------------------
     0 | D:1      | Crownlay the Demonspawn Necromancer began the quest for the
                  | Orb.
     0 | D:1      | Reached XP level 1. HP: 13/13 MP: 3/3
   312 | D:1      | Gained mutation: You are partially covered in large bone
                  | plates. (SH +4) [demonic ancestry]
   312 | D:1      | Reached XP level 2. HP: 19/19 MP: 3/5
   314 | D:1      | Reached skill level 5 in Necromancy
   599 | D:1      | Gained mutation: You are mostly covered in large bone
                  | plates. (SH +6) [demonic ancestry]
   599 | D:1      | Reached XP level 3. HP: 24/24 MP: 3/6
  1448 | D:2      | Got Sif Muna's Codex of Gathered Poisoning
  1506 | D:2      | Reached skill level 6 in Necromancy
  1880 | D:3      | Gained mutation: Your demonic aura sometimes causes spilled
                  | blood to erupt in flames. [demonic ancestry]
  1880 | D:3      | Reached XP level 4. HP: 30/30 MP: 1/7
  2108 | D:3      | Noticed Sigmund
  2138 | D:3      | Killed Sigmund
  2139 | D:3      | Reached skill level 7 in Necromancy
  2139 | D:3      | Reached XP level 5. HP: 13/35 MP: 1/8
  2314 | D:3      | Reached skill level 8 in Necromancy
  2318 | D:3      | Reached XP level 6. HP: 41/41 MP: 5/9
  2440 | D:3      | Noticed Natasha
  2444 | D:3      | Killed Natasha
  2641 | D:3      | Noticed Natasha
  2645 | D:3      | Killed Natasha
  2798 | D:3      | Noticed Natasha
  2806 | D:3      | Killed Natasha
  3662 | D:4      | Noticed Edmund
  3786 | D:5      | Entered Level 5 of the Dungeon
  3806 | D:5      | Found a snail-covered altar of Cheibriados.
  3806 | D:5      | Found a shimmering blue altar of Sif Muna.
  3806 | D:5      | Found a burning altar of Makhleb.
  3815 | D:5      | Reached skill level 9 in Necromancy
  3888 | D:5      | Found an iron altar of Okawaru.
  3891 | D:5      | Found a hazy altar of Hepliaklqana.
  3894 | D:5      | Identified the +4 ring mail of the Beginning {Drain Dex+3
                  | Stlth+}
  3952 | D:5      | Gained mutation: You sometimes gain a little power by
                  | taking damage. [demonic ancestry]
  3952 | D:5      | Reached XP level 7. HP: 45/46 MP: 3/10
  4095 | D:5      | Learned a level 4 spell: Animate Dead
  4133 | D:5      | HP: 2/69 [poisoned by a scorpion]
  4134 | D:5      | Succumbed to a scorpion's poison

Illustrated notes

Levels and vault maps discovered:
D:1:      lemuel_arrival_cross, layout_basic, moated_statue, minmay_pentomino_s4
D:2:      layout_rooms, kennysheep_generic_room_8
D:3:      layout_rooms, uniq_sigmund, uniq_natasha
D:4:      layout_loops_ring, palyth_stone_intersect, reono_crystal_passage,
          minivault_25, uniq_edmund
D:5:      layout_cave_pools, minmay_overflow_temple_hex,
          minmay_misc_feat_plants, minmay_crossroads

Skill      XL: |  1  2  3  4  5  6 |
---------------+-------------------+-----
Necromancy     | 5 6 7 8 9 |  9.6
Dodging        | |  1.7
Stealth        | |  1.7
Spellcasting   | |  2.0

Action                     |  1- 3 |  4- 6 |  7- 9 || total
---------------------------+-------+-------+-------++-------
  Melee: Short sword       |    12 |       |       ||    12
         Falchion          |       |    18 |       ||    18
         Dagger            |       |    36 |    11 ||    47
         Long sword        |       |    12 |       ||    12
         Punch             |       |       |     1 ||     1
  Throw: Throwing net      |       |     1 |       ||     1
   Cast: Necrotise         |    56 |    60 |    15 ||   131
         Animate Dead      |       |       |     1 ||     1
    Use: Scroll            |     2 |     2 |       ||     4
         Potion            |       |       |     3 ||     3
 Armour: Robe              |       |    29 |     4 ||    33
         Skin              |       |       |     1 ||     1
  Dodge: Dodged            |    14 |    41 |     9 ||    64
  Block: Other             |     4 |    21 |     3 ||    28

Table legend: (Time is in decaauts)
 A = Elapsed time spent in this place.
 B = Non-inter-level travel time spent in this place.
 C = Inter-level travel time spent in this place.
 D = Time resting spent in this place.
 E = Time spent auto-exploring this place.
 F = Levels seen in this place.
 G = Mean time per level.
                   A        B        C        D        E       F      G
               +--------+--------+--------+--------+--------+-----+--------+
         Total |   4139 |   3787 |    352 |     30 |   3101 |   5 |  827.8 |
       Dungeon |   4139 |   3787 |    352 |     30 |   3101 |   5 |  827.8 |
               +--------+--------+--------+--------+--------+-----+--------+

Top non-repeatable levels by time:
     D:1: 1206 daAuts
     D:3: 1033 daAuts
     D:4: 922 daAuts
     D:2: 629 daAuts
     D:5: 347 daAuts
